 Dungeon Crawl Stone Soup version 0.29.1-15-g9cfb28693d (webtiles) character file.

Game seed: 11619649980950708742

1169 sizableburger the Skirmisher (level 8, -1/43 (46) HPs)
             Began as a Deep Elf Hunter on Mar 14, 2023.
             Was an Initiate of Fedhas.
             Slain by a wight
             ... wielding a +0 halberd
              (7 damage)
             ... on level 6 of the Dungeon on Mar 22, 2023.
             The game lasted 00:16:35 (7379 turns).

sizableburger the Skirmisher (Deep Elf Hunter)      Turns: 7379, Time: 00:16:36

HP:   -1/43 (46)    AC:  8    Str:  8    XL:     8   Next: 17%
MP:   10/10         EV: 14    Int: 15    God:    Fedhas [......]
Gold: 292           SH:  0    Dex: 20    Spells: 7/7 levels left

rFire   . . .      SeeInvis .   a - +2 shortbow
rCold   . . .      Faith    .   (shield currently unavailable)
rNeg    . . .      Spirit   .   s - +0 leather armour
rPois   .          Reflect  .   (no helmet)
rElec   .          Harm     .   r - +2 cloak
rCorr   .          Rampage  .   h - +1 pair of gloves
Will    .....                   (no boots)
Stlth   ++........              g - amulet of the acrobat
HPRegen 0.14/turn               (no ring)
MPRegen 0.12/turn               (no ring)

@: drained
A: no striking features
a: Renounce Religion


You were on level 6 of the Dungeon.
You worshipped Fedhas.
Fedhas was noncommittal.
You visited 2 branches of the dungeon, and saw 7 of its levels.

You collected 292 gold pieces.

Inventory:

Hand Weapons
 a - a +2 shortbow (weapon)
 o - a +1 vampiric dagger
 u - a +4 dagger of electrocution
Missiles
 i - 5 datura-tipped darts
Armour
 h - a +1 pair of gloves (worn)
 n - a +0 ring mail
 r - a +2 cloak (worn)
 s - a +0 leather armour (worn)
Jewellery
 g - an amulet of the acrobat (around neck)
 k - an amulet of guardian spirit
 q - a ring of wizardry
Scrolls
 b - 3 scrolls of immolation
 c - 4 scrolls of teleportation
 e - a scroll of fog
 l - a scroll of identify
 m - 2 scrolls of blinking
 p - a scroll of silence {unknown}
Potions
 d - 3 potions of heal wounds
 f - 2 potions of curing
 j - a potion of might {unknown}
 t - a potion of attraction {unknown}
 w - a potion of cancellation


   Skills:
 + Level 3.4 Fighting
 - Level 3.3 Short Blades
 + Level 10.8 Ranged Weapons
 + Level 5.1 Dodging
 - Level 1.4 Stealth


You had 7 spell levels left.
You didn't know any spells.
Your spell library contained the following spells:

 Spells                   Type           Power      Damage    Failure   Level
 Cause Fear               Hex            0%         N/A       98%         4
 Dragon Form              Tmut           0%         N/A       100%        7
 Dragon's Call            Summ           0%         N/A       100%        9


Dungeon Overview and Level Annotations

Branches:
Dungeon (6/15)             Temple (1/1) D:5

Altars:
Ashenzari
Cheibriados
Dithmenos
Elyvilon
Fedhas
Gozag
Kikubaaqudgha
Makhleb
Nemelex Xobeh
Ru
Sif Muna
Trog
Uskayaw
Vehumet
Wu Jian
Xom
Yredelemnul
Zin
The Shining One

Annotations:
D:6 Sigmund


Message History

You shoot an arrow. The arrow hits the wight.
The wight is lightly damaged.
The wight barely misses you.
Fire: a) +2 shortbow
Press: ? - help, Q - select action, (/) - cycle Shift-Dir - straight line, f/p - wight
Aim: a wight, wielding a +0 halberd and wearing a +0 scale mail (lightly damaged, 73% to hit)
You shoot an arrow. The arrow hits the wight.
The wight is lightly damaged.
The wight barely misses you.
Fire: a) +2 shortbow
Press: ? - help, Q - select action, (/) - cycle Shift-Dir - straight line, f/p - wight
Aim: a wight, wielding a +0 halberd and wearing a +0 scale mail (lightly damaged, 73% to hit)
You shoot an arrow. The arrow completely misses the wight.
The wight misses you. The wight barely misses you.
Fire: a) +2 shortbow
Press: ? - help, Q - select action, (/) - cycle Shift-Dir - straight line, f/p - wight
Aim: a wight, wielding a +0 halberd and wearing a +0 scale mail (lightly damaged, 73% to hit)
You shoot an arrow. The arrow hits the wight.
The wight is heavily damaged.
The wight hits you from afar with a +0 halberd!
You feel drained.
Fire: a) +2 shortbow
Press: ? - help, Q - select action, (/) - cycle Shift-Dir - straight line, f/p - wight
Aim: a wight, wielding a +0 halberd and wearing a +0 scale mail (heavily damaged, 73% to hit)
You shoot an arrow. The arrow closely misses the wight.
The wight barely misses you.
Fire: a) +2 shortbow
Press: ? - help, Q - select action, (/) - cycle Shift-Dir - straight line, f/p - wight
Aim: a wight, wielding a +0 halberd and wearing a +0 scale mail (heavily damaged, 73% to hit)
You shoot an arrow. The arrow closely misses the wight.
The wight hits you from afar with a +0 halberd.
Fire: a) +2 shortbow
Press: ? - help, Q - select action, (/) - cycle Shift-Dir - straight line, f/p - wight
Aim: a wight, wielding a +0 halberd and wearing a +0 scale mail (heavily damaged, 73% to hit)
You shoot an arrow. The arrow closely misses the wight.
The wight hits you from afar with a +0 halberd!
* * * LOW HITPOINT WARNING * * *
You feel drained.
You die...
Fedhas appreciates your contribution to the ecosystem.

########<#
#.# #.#
#.########
#........#
########.#
####.#
#....#
#@####
.######)#
.
.......z#
.
.#####..#
#... ##.##
#.# #.#
#.#


You could see a wight.

Vanquished Creatures
  2 ogres
  A centaur (D:5)
  2 phantoms (D:5)
  3 scorpions (D:5)
  A necrophage (D:6)
  A wight (D:6)
  A howler monkey (D:3)
  A bullfrog zombie (D:5)
  A gnoll bouda (D:5)
  A hound (D:5)
  Terence (D:3)
  An iguana (D:5)
  A hound zombie (D:5)
  Robin (D:2)
  8 gnolls (D:5)
  7 adders
  A white imp (D:5)
  3 ufetubi (D:4)
  2 worms (D:2)
  5 dart slugs
  An orc (D:4)
  6 endoplasms
  7 giant cockroaches
  9 goblins
  7 hobgoblins
  14 jackals
  3 quokkas
  6 ball pythons
  6 bats
  3 frilled lizards
  10 kobolds
  5 rats
121 creatures vanquished.

Vanquished Creatures (others)
  3 withered plants (D:5)
3 creatures vanquished.

Grand Total: 124 creatures vanquished

Notes
Turn   | Place    | Note
-------+----------+-------------------------------------------
     0 | D:1      | sizableburger the Deep Elf Hunter began the quest for the
                  | Orb.
     0 | D:1      | Reached XP level 1. HP: 12/12 MP: 3/3
   172 | D:1      | Reached XP level 2. HP: 17/17 MP: 4/4
   195 | D:1      | Found a faded altar of an unknown god.
   328 | D:1      | Reached skill level 6 in Ranged Weapons
   998 | D:2      | Identified the +0 robe "Dicer Cein" {rElec rPois Str-2
                  | Int+6}
  1157 | D:2      | Reached XP level 3. HP: 21/21 MP: 5/5
  1431 | D:2      | Reached skill level 7 in Ranged Weapons
  1659 | D:2      | Reached XP level 4. HP: 26/26 MP: 6/6
  1939 | D:3      | Noticed Robin
  1988 | D:2      | Killed Robin
  2251 | D:3      | Noticed Terence
  2269 | D:3      | Killed Terence
  2270 | D:3      | Reached skill level 8 in Ranged Weapons
  2625 | D:3      | Reached XP level 5. HP: 29/30 MP: 7/7
  2944 | D:4      | Noticed an ogre
  3003 | D:4      | Identified the +0 chain mail "Gilotz" {rCorr Str+4}
  3418 | D:4      | Reached skill level 9 in Ranged Weapons
  3501 | D:5      | Entered Level 5 of the Dungeon
  3962 | D:4      | Killed an ogre
  3963 | D:4      | Reached XP level 6. HP: 35/35 MP: 8/8
  4391 | D:5      | Reached skill level 10 in Ranged Weapons
  4664 | D:5      | Reached XP level 7. HP: 39/39 MP: 9/9
  4666 | D:5      | Reached skill level 1 in Short Blades
  4766 | D:5      | Found a staircase to the Ecumenical Temple.
  5967 | Temple   | Entered the Ecumenical Temple
  6289 | Temple   | Became a worshipper of Fedhas Madash
  6951 | D:6      | Reached XP level 8. HP: 39/46 MP: 10/10
  7016 | D:6      | Noticed Sigmund
  7373 | D:6      | Reached skill level 5 in Dodging
  7379 | D:6      | Slain by a wight

Illustrated notes

Levels and vault maps discovered:
D:1:      minmay_arrival_glassed_features, layout_loops_corners,
          ebering_ecumenical_altar_rust, minmay_heptomino_l4
D:2:      layout_loops_cross, minmay_box_of_dots
D:3:      layout_loops_cross, minmay_misc_feat_columns, uniq_robin, uniq_terence
D:4:      layout_basic, grunt_ministairs_4
D:5:      layout_loops_corners, minmay_temple_entry_glass, serial_undead,
          serial_undead_a, serial_undead_d, serial_undead_b, serial_undead_c
D:6:      layout_loops_ring, uniq_sigmund
Temple:   mainiacjoe_temple_big_plus

Skill      XL: |  1  2  3  4  5  6  7  8 |
---------------+-------------------------+-----
Ranged Weapons | 6 7 8 9 10 | 10.8
Fighting       | 3 |  3.4
Short Blades   | 3 |  3.3
Dodging        | 4 5 |  5.1
Stealth        | |  1.4

Action                   |  1- 3 |  4- 6 |  7- 9 || total
-------------------------+-------+-------+-------++-------
Melee: Dagger            |       |    15 |     2 ||    17
 Fire: Shortbow          |   118 |   155 |   129 ||   402
Throw: Dart              |       |     1 |       ||     1
  Use: Scroll            |       |    18 |     1 ||    19
       Potion            |       |     2 |       ||     2
Armor: Leather armour    |    12 |    24 |    14 ||    50
       Ring mail         |       |    18 |       ||    18
Dodge: Dodged            |    25 |   106 |    42 ||   173
